 Dungeon Crawl Stone Soup version 0.31-a0-1-g4198be8af4 (webtiles) character file.

Game seed: 15192473080627150679

404148 Pimp the Cryomancer (level 22, -1/135 HPs)
             Began as a Demonspawn Ice Elementalist on Apr 30, 2023.
             Was a High Priest of Sif Muna.
             Slain by an azure jelly (6 damage)
             ... created by the Royal Jelly
             ... on level 4 of the Pits of Slime on May 1, 2023.
             The game lasted 06:06:01 (71840 turns).

Pimp the Cryomancer (Demonspawn Ice Elementalist)  Turns: 71840, Time: 06:06:01

Health: -1/135     AC: 17    Str:  7 (8)  XL:     22   Next: 34%
Magic:  0/42       EV: 22    Int: 22      God:    Sif Muna [*****.]
Gold:   1760       SH: 26    Dex: 33      Spells: 4/54 levels left

rFire   + + .        v - +11 mace of the Foremost Curses {flame, rN++}
rCold   . . .        e - +5 kite shield {reflect}
rNeg    + + +        z - +4 Cigotuvi's embrace {Corpsefed rMiasma Drain rN+}
rPois   +            (helmet restricted)
rElec   +            N - +2 cloak {rPois}
rCorr   +            (gloves unavailable)
SInv    .            D - +0 pair of boots of Chill Winds {rElec rN+}
Will    +....        Z - amulet of reflection
Stlth   +++          X - ring "Gipiten" {rF++ Int+6 Dex+3}
HPRegen 0.00/turn    d - ring of resist corrosion
MPRegen 0.56/turn

%: reflection, guardian spirit
@: corroded, sanguine armoured, inhibited regen, studying Shields, unable to
read, unable to drink
A: magic shield, magic regeneration, magic link, sanguine armour 3, demonic
magic 3, demonic touch 3, fangs 1, horns 1, talons 1, agile 2, deterioration 1,
frail 2, screaming 1, inhibited regeneration, inability to drink after injury 2,
inability to read after injury 1
}: 2/15 runes: serpentine, barnacled
a: Renounce Religion, Channel Magic, Forget Spell, Divine Exegesis


You were on level 4 of the Pits of Slime.
You worshipped Sif Muna.
Sif Muna was extremely pleased with you.
You visited 9 branches of the dungeon, and saw 42 of its levels.
You visited 1 bazaar.
You also visited: Trove, Bailey and Gauntlet.

You collected 5016 gold pieces.
You spent 3256 gold pieces at shops.

Inventory:

Hand Weapons
 h - the +6 mace of Qazlal's Grace {heavy, Int+2}
   (You found it on level 1 of the Snake Pit)

   Int:       It affects your intelligence (+2).
 l - the +10 whip "Pelucac" {heavy, +Blink rElec rF- Int+8}
   (You found it on level 3 of the Dungeon)

   Int:       It affects your intelligence (+8).
   rF:        It makes you vulnerable to fire.
   rElec:     It insulates you from electricity.
   +Blink:    It lets you blink.
 v - the +11 mace of the Foremost Curses (weapon) {flame, rN++}
   (You took it off a deep elf sorcerer on level 3 of the Elven Halls)

   rN:        It greatly protects you from negative energy.
Armour
 e - a +5 kite shield of reflection (worn)
 i - the +7 chain mail "Pexyigh" {rF+ Int+7}
   (You took it off a deep elf master archer on level 3 of the Elven Halls)

   Int:       It affects your intelligence (+7).
   rF:        It protects you from fire.
 x - the scarf of Izuutooc {rC+ rF+, rN+ Slay-5 Stlth+}
   (You found it in a treasure trove)

   Slay:      It affects your accuracy & damage with ranged weapons and melee
   (-5).
   rN:        It protects you from negative energy.
   Stlth:     It makes you more stealthy.
 z - the +4 Cigotuvi's embrace (worn) {Corpsefed rMiasma Drain rN+}
   (You took it off a merfolk on level 4 of the Shoals)

   Corpsefed: It gathers nearby corpses to temporarily increase the armour it
   provides.
   rMiasma:   It protects you from foul pestilence.
   rN:        It protects you from negative energy.
   Drain:     It drains your maximum health when unequipped.
 D - the +0 pair of boots of Chill Winds (worn) {rElec rN+}
   (You found it in a treasure trove)

   rElec:     It insulates you from electricity.
   rN:        It protects you from negative energy.
 L - the +0 helmet "Ceoptant" {Will- Int+5 Slay+3}
   (You found it on level 10 of the Dungeon)

   Int:       It affects your intelligence (+5).
   Slay:      It affects your accuracy & damage with ranged weapons and melee
   (+3).
   Will:      It decreases your willpower.
 N - a +2 cloak of poison resistance (worn)
Jewellery
 d - a ring of resist corrosion (right hand)
 r - a ring of wizardry
 B - a +6 ring of dexterity
 G - a ring of see invisible
 O - the ring "Xaom" {Will+ Int+3}
   (You found it on level 2 of the Shoals)

   [ring of willpower]

   Int:       It affects your intelligence (+3).
   Will:      It increases your willpower.
 P - the ring "Qeacsileo" {rElec rF+}
   (You found it on level 2 of the Shoals)

   [ring of protection from fire]

   rF:        It protects you from fire.
   rElec:     It insulates you from electricity.
 W - a ring of protection from fire
 X - the ring "Gipiten" (left hand) {rF++ Int+6 Dex+3}
   (You found it in a Gauntlet)

   [ring of intelligence]

   Int:       It affects your intelligence (+6).
   Dex:       It affects your dexterity (+3).
   rF:        It greatly protects you from fire.
 Z - an amulet of reflection (around neck)
Wands
 p - a wand of acid (59) (quivered)
 w - a wand of flame (36)
 E - a wand of mindburst (25)
 F - a wand of roots (33)
 T - a wand of digging (6)
 V - a wand of paralysis (21)
Scrolls
 f - 5 scrolls of enchant weapon
 j - 21 scrolls of identify
 k - 9 scrolls of poison
 s - 4 scrolls of immolation
 u - a scroll of amnesia
 C - 2 scrolls of enchant armour
 I - a scroll of magic mapping
 J - a scroll of teleportation
 M - 2 scrolls of fear
 R - 4 scrolls of fog
 Y - 2 scrolls of silence
Potions
 a - a potion of brilliance
 b - 4 potions of flight
 m - a potion of invisibility
 n - 7 potions of might
 o - 3 potions of ambrosia
 t - 5 potions of resistance
 H - a potion of cancellation
 S - 7 potions of curing
Miscellaneous
 K - a piece from Xom's chessboard (15/15)


   Skills:
 - Level 13.2 Fighting
 - Level 7.7 Maces & Flails
 - Level 9.1 Armour
 - Level 10.8 Dodging
 - Level 2.6 Stealth
 - Level 12.0 Shields
 + Level 16.9 Spellcasting
 - Level 15.6 Conjurations
 * Level 21.1 Ice Magic
 - Level 2.3 Invocations
 - Level 9.1 Evocations


You had 4 spell levels left.
You knew the following spells:

 Your Spells              Type           Power      Damage    Failure   Level
a - Freeze                Ice            100%       1d10      0%          1
b - Frozen Ramparts       Ice            100%       1d16      0%          3
c - Ozocubu's Armour      Ice            84%        N/A       0%          3
d - Searing Ray           Conj           100%       2d8       1%          2
e - Freezing Cloud        Conj/Ice/Air   32%        6-21      2%          5
f - Metabolic Englaciati  Hex/Ice        30%        N/A       4%          5
g - Fireball              Conj/Fire      26%        3d12      16%         5
h - Tukima's Dance        Hex            18%        N/A       38%         3
i - Ozocubu's Refrigerat  Ice            42%        4d16      1%          7
j - Polar Vortex          Ice            42%        N/A       93%         9
k - Orb of Destruction    Conj           36%        9d11      19%         7

Your spell library contained the following spells:

 Spells                   Type           Power      Damage    Failure   Level
 Foxfire                  Conj/Fire      100%       2x1d9     1%          1
 Kiss of Death            Conj/Necr      100%       2d13      1%          1
 Magic Dart               Conj           100%       1d8       1%          1
 Shock                    Conj/Air       100%       1d9       1%          1
 Ensorcelled Hibernation  Hex/Ice        100%       N/A       1%          2
 Momentum Strike          Conj/Tloc      100%       3d10      1%          2
 Static Discharge         Conj/Air       100%       2-7/arc   1%          2
 Dazzling Flash           Conj/Hex       100%       N/A       1%          3
 Hailstorm                Conj/Ice       78%        3d16      1%          3
 Stone Arrow              Conj/Erth      100%       3d13      1%          3
 Ice Form                 Ice/Tmut       60%        N/A       1%          4
 Summon Ice Beast         Ice/Summ       60%        N/A       1%          4
 Mephitic Cloud           Conj/Pois/Air  41%        N/A       4%          3
 Flame Wave               Conj/Fire      52%        2d13      5%          4
 Fulminant Prism          Conj/Hex       26%        3d14      5%          4
 Iskenderun's Mystic Bla  Conj/Tloc      52%        2d11      5%          4
 Sticky Flame             Conj/Fire      52%        2d7       5%          4
 Apportation              Tloc           36%        N/A       14%         1
 Necrotise                Necr           72%        1d7       14%         1
 Sandblast                Erth           36%        2d10      14%         1
 Sting                    Tmut/Pois      72%        1d6       14%         1
 Summon Small Mammal      Summ           72%        N/A       14%         1
 Blink                    Tloc           36%        N/A       21%         2
 Call Imp                 Summ           36%        N/A       21%         2
 Cigotuvi's Dreadful Rot  Necr/Pois/Air  36%        N/A       21%         2
 Lesser Beckoning         Tloc           36%        N/A       21%         2
 Passwall                 Tmut/Erth      15%        N/A       21%         2
 Scorch                   Fire           36%        2d7       21%         2
 Sublimation of Blood     Necr           18%        N/A       21%         2
 Call Canine Familiar     Summ           18%        N/A       38%         3
 Confusing Touch          Hex            18%        N/A       38%         3
 Gell's Gravitas          Tloc           18%        N/A       38%         3
 Ignite Poison            Fire/Tmut/Pois 18%        N/A       38%         3
 Inner Flame              Hex/Fire       18%        N/A       38%         3
 Portal Projectile        Hex/Tloc       36%        N/A       38%         3
 Spider Form              Tmut/Pois      18%        N/A       38%         3
 Summon Guardian Golem    Hex/Summ       18%        N/A       38%         3
 Swiftness                Air            18%        N/A       38%         3
 Teleport Other           Tloc           18%        N/A       38%         3
 Vampiric Draining        Necr           18%        2d7       38%         3
 Volatile Blastmotes      Fire/Tloc      36%        2d13      38%         3
 Airstrike                Air            9%         2d(2-18)  80%         4
 Anguish                  Hex/Necr       9%         N/A       80%         4
 Animate Armour           Summ/Erth      36%        N/A       80%         4
 Animate Dead             Necr           18%        N/A       80%         4
 Cause Fear               Hex            9%         N/A       80%         4
 Dispel Undead            Necr           18%        3d11      80%         4
 Leda's Liquefaction      Hex/Erth       9%         N/A       80%         4
 Olgreb's Toxic Radiance  Pois           18%        N/A       80%         4
 Passage of Golubria      Tloc           18%        N/A       80%         4
 Petrify                  Tmut/Erth      18%        N/A       80%         4
 Summon Lightning Spire   Summ/Air       18%        N/A       80%         4
 Iskenderun's Battlesphe  Conj           72%        2d12      1%          5
 Arcjolt                  Conj/Air       26%        1d36      16%         5
 Irradiate                Conj/Tmut      26%        3d20      16%         5
 Simulacrum               Ice/Necr       30%        N/A       26%         6
 Conjure Ball Lightning   Conj/Air       26%        3x3d7     63%         6
 Iron Shot                Conj/Erth      26%        9d6       63%         6
 Starburst                Conj/Fire      26%        6d8       63%         6
 Agony                    Necr           18%        N/A       98%         5
 Alistair's Intoxication  Tmut/Pois      12%        N/A       98%         5
 Blade Hands              Tmut           9%         N/A       98%         5
 Borgnjor's Vile Clutch   Necr/Erth      9%         N/A       98%         5
 Lee's Rapid Deconstruct  Erth           9%         3d7*      98%         5
 Silence                  Hex/Air        9%         N/A       98%         5
 Summon Mana Viper        Hex/Summ       18%        N/A       98%         5
 Yara's Violent Unravell  Hex/Tmut       9%         3d6       98%         5
 Spellforged Servitor     Conj/Summ      26%        N/A       99%         7
 Death Channel            Necr           9%         N/A       100%        6
 Dispersal                Tloc           9%         N/A       100%        6
 Eringya's Noxious Bog    Tmut/Pois      9%         N/A       100%        6
 Plasma Beam              Fire/Air       9%         2x1d21    100%        6
 Statue Form              Tmut/Erth      12%        N/A       100%        6
 Summon Cactus Giant      Summ           9%         N/A       100%        6
 Dragon Form              Tmut           9%         N/A       100%        7
 Haunt                    Necr/Summ      9%         N/A       100%        7
 Malign Gateway           Summ/Tloc      9%         N/A       100%        7
 Monstrous Menagerie      Summ           9%         N/A       100%        7
 Discord                  Hex            9%         N/A       100%        8
 Ignition                 Fire           9%         3d5       100%        8
 Lehudib's Crystal Spear  Conj/Erth      26%        10d7      100%        8
 Summon Horrible Things   Summ           9%         N/A       100%        8
 Chain Lightning          Conj/Air       26%        3d34      100%        9
 Fire Storm               Conj/Fire      26%        8d7       100%        9


Dungeon Overview and Level Annotations

Branches:
Dungeon (14/15)            Temple (1/1) D:4            Lair (5/5) D:8
 Shoals (4/4) Lair:2        Snake (4/4) Lair:2        Slime (5/5) Lair:5
    Orc (2/2) D:12            Elf (3/3) Orc:2        Vaults (4/5) D:13
  Crypt (0/3) Vaults:2     Bailey (visited)         Gauntlet (visited)

Altars:
Ashenzari
Cheibriados
Fedhas
Gozag
Hepliaklqana
Kikubaaqudgha
Makhleb
Nemelex Xobeh
Okawaru
Qazlal
Ru
Sif Muna
Trog
Uskayaw
Vehumet
Wu Jian
Xom
Yredelemnul
Jiyva

Shops:
Orc:2 =[(*   Shoals:2 (   Vaults:1 *

Portals:
Abyss: Lair:1

Annotations:
Lair:1 2 transporters, Onniptox's ghost, novice DrCj
Shoals:2 Roxanne
Slime:5 Royal Jelly


Innate Abilities, Weirdness & Mutations

When hurt, damage is shared between your health and your magic reserves.
You regenerate magic rapidly.
When low on magic, you restore magic in place of health.
When seriously injured, your blood forms very thick armour. (AC +12)
Spells you cast and wands you use may paralyse nearby enemies.
Your touch may irresistibly damage your foes and sap their willpower.
You have very sharp teeth.
You have a pair of small horns on your head.
You have sharp toenails.
You are very agile. (Dex +8, Str/Int -2)
Your body sometimes deteriorates upon taking damage.
You are very frail. (-20% HP)
You occasionally shout uncontrollably at your foes.
You do not regenerate when monsters are visible.
You sometimes lose the ability to drink potions when taking damage.
You occasionally lose the ability to read scrolls when taking damage.


Message History

Okay, then.
You blink.
You whack the azure jelly! You headbutt the azure jelly.
The azure jelly is heavily wounded.
The azure jelly hits you. The azure jelly freezes you!!
You feel threatened and lose the ability to read scrolls!
* * * LOW HITPOINT WARNING * * *
You block the azure jelly's attack. x2; The azure jelly hits you.
* * * LOW HITPOINT WARNING * * *
You cannot drink potions in your current state!
You cannot read scrolls in your current state!
Okay, then.
The azure jelly attacks as you move away!
You block the azure jelly's attack.
The azure jelly hits you but does no damage.
You block the azure jelly's attack.
The azure jelly hits you but does no damage.
You block the azure jelly's attack. The azure jelly hits you.
* * * LOW HITPOINT WARNING * * *
The azure jelly freezes you!!
* * * LOW HITPOINT WARNING * * *
The azure jelly misses you. You block the azure jelly's attack.
You cannot read scrolls in your current state!
The +11 mace of the Foremost Curses {flame, rN++} bursts into flame!
v - the +11 mace of the Foremost Curses (weapon)
{flame, rN++} You sock the azure jelly!
You burn the azure jelly.
The azure jelly is severely wounded.
You feel stable enough to blink again. The azure jelly completely misses you.
The azure jelly closely misses you. You block the azure jelly's attack.
The azure jelly misses you. You block the azure jelly's attack. x2
The azure jelly hits you but does no damage.
You block the azure jelly's attack.
The quicksilver ooze completely misses you.
The quicksilver ooze misses you. The azure jelly misses you.
The azure jelly hits you but does no damage.
You block the azure jelly's attack.
The azure jelly hits you but does no damage.
The azure jelly misses you. The azure jelly hits you!
You die...

##.#.....# #..........
##.......## ##...#......
##.#.....#.#####...#.......
#...........##.##..#.......
###........#..#...#..........
##.........##.......#.........
##...........##.......##....##.
###...#.#.....#J.......##....##..
...............J@....###....####.
...............J.....###..###^###
#.....................#....#...#.
............>........###......##.
##...............##...##.#.......
#..............##.#......#......
#.....#...............#...#.....
....#.###.............###..##...^
...#....##......#......#.........


You could see 2 azure jellies and a quicksilver ooze.

Vanquished Creatures
  A dread lich (Vaults:4)
  Mara (Shoals:4)
  Jory (Vaults:2)
  A tentacled monstrosity (Vaults:4)
  2 deep elf blademasters (Elf:3)
  2 deep elf master archers (Elf:3)
  18 acid blobs
  3 sphinxes
  Frances (Snake:1)
  Polyphemus (Shoals:2)
  Kirke (D:13)
  A kraken (Shoals:1)
  A tengu reaver (Vaults:3)
  The ghost of Ceuduph the Tortoise, an adept AtWn of Uskayaw (Shoals:2)
  4 nagarajas (Snake:4)
  Ilsuiw (Shoals:2)
  A storm dragon (Shoals:4)
  Donald (Elf:1)
  The ghost of themarg the Summoner, an adept MfSu of Hepliaklqana (Shoals:2)
  6 azure jellies
  A frost giant (Vaults:4)
  10 rockslimes
  14 vault wardens
  The ghost of jejorda2 the Impaler, a journeyman MfBe of Trog (Lair:5)
  4 deep elf sorcerers
  3 deep elf elementalists
  2 war gargoyles
  Louise (Shoals:4)
  19 ironbound preservers
  9 quicksilver oozes
  A stone giant (Vaults:3)
  The ghost of Coelen the Stormcaller, a journeyman MeWn of Gozag (Shoals:1)
  3 orc warlords
  6 ironbound thunderhulks
  4 very ugly things
  A minotaur (Gauntlet)
  6 deep elf annihilators
  6 deep elf demonologists
  3 dire elephants (Vaults:1)
  8 merfolk impalers
  3 deep elf death magi (Elf:3)
  2 crystal guardians
  3 ettins
  2 entropy weavers
  Josephine (Lair:5)
  3 merfolk javelineers (Shoals:4)
  An entropy weaver (shapeshifter) (D:11)
  4 deep elf high priests
  15 great orbs of eyes
  11 yaktaur captains
  5 hydras
  An ice dragon (Lair:5)
  Fannar (D:11)
  4 peacekeepers
  An ogre mage (Vaults:1)
  15 vault guards
  4 salamander tyrants
  16 centaur warriors
  12 ironbound frosthearts
  8 anacondas
  6 merfolk aquamancers
  A satyr (Shoals:4)
  A merfolk avatar (Shoals:2)
  A catoblepas (Shoals:2)
  2 two-headed ogres (D:11)
  9 dancing weapons
  A tengu warrior (D:14)
  7 death yaks
  A deep troll earth mage (Vaults:4)
  An orc high priest (Orc:2)
  11 naga warriors
  Urug (Orc:2)
  20 naga sharpshooters
  4 shock serpents
  18 deep elf knights
  5 skysharks
  7 salamander mystics
  3 glowing orange brains
  47 deep trolls
  A spectral anaconda (Snake:4)
  5 naga ritualists
  12 sea snakes
  23 ironbound convokers
  An anaconda skeleton (Snake:4)
  An orb spider (shapeshifter) (Vaults:3)
  18 lindwurms
  12 wizards
  A phantasmal warrior (Vaults:4)
  19 deep elf archers
  7 orc knights
  6 harpies
  22 ugly things
  39 deep elf pyromancers
  7 orc sorcerers
  A wolf spider (Lair:5)
  35 deep elf zephyrmancers
  5 mana vipers
  19 salamanders
  11 shining eyes
  A salamander (shapeshifter) (D:13)
  13 manticores
  6 fauns
  5 guardian serpents
  6 cyclopes
  6 elephants (Lair:4)
  22 naga magi
  15 vault sentinels
  5 merfolk sirens
  3 eyes of devastation
  11 water nymphs
  31 black mambas
  6 torpor snails
  2 gargoyles
  4 rime drakes
  13 cane toads
  3 spectral sea snakes (Snake:4)
  8 kobold demonologists
  20 yaktaurs
  A freezing wraith (D:14)
  An anaconda simulacrum (Snake:4)
  5 komodo dragons
  A sea snake skeleton (Snake:4)
  7 trolls
  10 wind drakes
  A troll (shapeshifter) (Elf:3)
  4 tyrant leeches
  A spectral guardian serpent (Snake:4)
  2 polar bears
  16 hornets
  A tarantella (Vaults:2)
  31 merfolk
  A blink frog (shapeshifter) (Elf:3)
  17 blink frogs
  15 snapping turtles
  Sigmund (D:4)
  20 dream sheep
  A culicivora (Vaults:2)
  A guardian serpent skeleton (Snake:4)
  118 slime creatures
  A spriggan (shapeshifter) (D:13)
  A shadow (D:10)
  A spriggan (D:10)
  2 air elementals
  6 basilisks
  35 water elementals
  8 wraiths
  12 wyverns
  9 golden eyes
  2 fire elementals (Elf:3)
  2 humans (D:13)
  36 yaks
  A hog (shapeshifter) (Elf:1)
  3 hogs (D:13)
  2 steam dragons
  4 vampire mosquitoes
  5 redbacks
  4 small abominations (Gauntlet)
  4 acid dragons
  30 nagas
  2 swamp worms (Gauntlet)
  2 wargs
  Edmund (D:5)
  24 water moccasins
  An ice beast (D:6)
  An ice beast (shapeshifter) (Elf:3)
  A sky beast (D:6)
  4 black bears
  35 orc warriors
  A boggart (Vaults:1)
  7 wolves
  7 ogres
  7 centaurs
  7 kobold brigands
  Blork the orc (Orc:2)
  11 bullfrogs
  4 earth elementals
  A gnoll sergeant (D:8)
  A scorpion (D:5)
  8 wights (D:7)
  3 spectral nagas (Snake:4)
  16 killer bees
  6 electric eels
  A howler monkey (D:5)
  9 hounds
  20 orc priests
  9 jellies
  2 gnoll boudas
  2 sleepcaps (D:7)
  4 iguanas (D:5)
  25 orc wizards
  6 hell rats (Lair:2)
  A naga skeleton (Snake:4)
  Robin (D:3)
  31 gnolls
  7 adders
  5 naga simulacra (Snake:4)
  3 shadow imps
  2 white imps
  An ufetubus (D:5)
  4 worms
  3 dart slugs
  85 orcs
  5 bats
  9 endoplasms
  2 giant cockroaches
  15 goblins
  10 hobgoblins
  5 jackals
  46 kobolds
  3 quokkas
  11 ball pythons
  4 frilled lizards
  4 rats
  A bush (Lair:5)
  4 tentacles (Shoals:1)
1749 creatures vanquished.

Vanquished Creatures (collateral kills)
  A dancing weapon (Elf:1)
  Joseph (D:7)
  An orc (D:9)
3 creatures vanquished.

Vanquished Creatures (others)
  A wizard (Vaults:2)
  A deep elf pyromancer (Elf:1)
  A human (D:13)
  2 dancing weapons
  4 bushes
  59 fungi
  184 plants
  3 withered plants (Shoals:2)
255 creatures vanquished.

Grand Total: 2007 creatures vanquished

Notes
Turn   | Place    | Note
-------+----------+-------------------------------------------
     0 | D:1      | Pimp the Demonspawn Ice Elementalist began the quest for
                  | the Orb.
     0 | D:1      | Reached XP level 1. HP: 13/13 MP: 3/3
   170 | D:1      | Gained mutation: When seriously injured, your blood forms
                  | armour. (AC +12) [demonic ancestry]
   170 | D:1      | Reached XP level 2. HP: 18/19 MP: 3/5
   837 | D:1      | Reached XP level 3. HP: 16/24 MP: 3/6
  1350 | D:2      | Found a faded altar of an unknown god.
  1741 | D:2      | Reached skill level 4 in Ice Magic
  1856 | D:2      | Reached XP level 4. HP: 27/30 MP: 2/7
  2154 | D:3      | Identified the +10 whip "Pelucac" {heavy, +Blink rElec rF-
                  | Int+8}
  2301 | D:3      | Learned a level 3 spell: Frozen Ramparts
  2305 | D:3      | Learned a level 3 spell: Ozocubu's Armour
  2859 | D:4      | Noticed Robin
  2873 | D:3      | Gained mutation: You regenerate magic rapidly. [demonic
                  | ancestry]
  2873 | D:3      | Reached XP level 5. HP: 14/36 MP: 5/9
  3175 | D:3      | Reached skill level 1 in Fighting
  3179 | D:3      | Killed Robin
  3271 | D:4      | Reached skill level 1 in Maces & Flails
  3485 | D:4      | Noticed a centaur
  3489 | D:4      | Gained mutation: Potions are less effective at restoring
                  | your health. [potion of mutation]
  3489 | D:4      | Gained mutation: You are robust. (+10% HP) [potion of
                  | mutation]
  3490 | D:4      | HP: 2/40 [centaur/arrow (2)]
  3524 | D:4      | Killed a centaur
  3525 | D:4      | Reached XP level 6. HP: 20/48 MP: 10/10
  3661 | D:4      | Found a staircase to the Ecumenical Temple.
  3730 | D:4      | Noticed Sigmund
  3732 | D:4      | Identified a scroll of acquirement
  3732 | D:4      | Acquired 692 gold pieces
  3758 | D:4      | Killed Sigmund
  3759 | D:4      | Reached skill level 1 in Evocations
  4083 | Temple   | Entered the Ecumenical Temple
  4405 | Temple   | Became a worshipper of Sif Muna the Loreminder
  4459 | D:5      | Entered Level 5 of the Dungeon
  4463 | D:5      | Gained mutation: When hurt, damage is shared between your
                  | health and your magic reserves. [demonic ancestry]
  4463 | D:5      | Reached XP level 7. HP: 48/56 MP: 9/12
  4819 | D:5      | Noticed Edmund
  4828 | D:5      | Killed Edmund
  5041 | D:5      | Reached skill level 5 in Ice Magic
  5145 | D:5      | Reached XP level 8. HP: 63/63 MP: 14/14
  5145 | D:5      | Lost mutation: You are robust. (+10% HP) [potion of
                  | mutation]
  5145 | D:5      | Lost mutation: Potions are less effective at restoring your
                  | health. [potion of mutation]
  5145 | D:5      | Gained mutation: You passively map a small area around you.
                  | [potion of mutation]
  5145 | D:5      | Gained mutation: Your body sometimes deteriorates upon
                  | taking damage. [potion of mutation]
  5145 | D:5      | Gained mutation: You are somewhat resistant to further
                  | mutation. [potion of mutation]
  5357 | D:5      | Reached * piety under Sif Muna
  5886 | D:6      | Learned a level 2 spell: Searing Ray
  6017 | D:6      | Reached skill level 1 in Conjurations
  6276 | D:6      | Reached ** piety under Sif Muna
  6277 | D:6      | Reached skill level 5 in Spellcasting
  6277 | D:6      | Gained mutation: Spells you cast may paralyse adjacent
                  | enemies. [demonic ancestry]
  6277 | D:6      | Reached XP level 9. HP: 57/65 MP: 7/16
  6486 | D:6      | Lost mutation: Your body sometimes deteriorates upon taking
                  | damage. [potion of mutation]
  6486 | D:6      | Lost mutation: You are somewhat resistant to further
                  | mutation. [potion of mutation]
  6486 | D:6      | Lost mutation: You passively map a small area around you.
                  | [potion of mutation]
  6486 | D:6      | Gained mutation: Your flesh is heat resistant. (rF+)
                  | [potion of mutation]
  6486 | D:6      | Gained mutation: You have hidden genetic potential. [potion
                  | of mutation]
  6486 | D:6      | Gained mutation: You are strong-willed. (Will+) [potion of
                  | mutation]
  6762 | D:7      | Noticed Joseph
  6773 | D:7      | Killed Joseph
  6774 | D:7      | Reached skill level 5 in Dodging
  7086 | D:7      | Reached skill level 6 in Ice Magic
  7424 | D:7      | Found a flagged portal.
  7438 | Bailey   | Entered a bailey
  7545 | Bailey   | Reached *** piety under Sif Muna
  7629 | Bailey   | Noticed an orc knight
  7642 | Bailey   | Killed an orc knight
  7643 | Bailey   | Reached skill level 5 in Fighting
  8317 | D:7      | Gained mutation: When seriously injured, your blood forms
                  | thick armour. (AC +12) [demonic ancestry]
  8317 | D:7      | Reached XP level 10. HP: 59/74 MP: 16/18
  8318 | D:8      | Gained mutation: You possess an exceptional clarity of
                  | mind. [hidden potential]
  8326 | D:7      | Reached skill level 1 in Invocations
  8326 | D:7      | Reached skill level 5 in Evocations
  8747 | D:8      | Reached skill level 1 in Armour
  8868 | D:8      | Learned a level 5 spell: Freezing Cloud
  8905 | D:8      | Found a staircase to the Lair.
  9000 | D:8      | Reached skill level 5 in Maces & Flails
  9202 | D:8      | Reached **** piety under Sif Muna
  9644 | D:9      | Reached skill level 7 in Ice Magic
  9685 | D:9      | Noticed a two-headed ogre
 10500 | D:9      | Reached skill level 8 in Ice Magic
 10674 | D:9      | Reached skill level 5 in Conjurations
 10849 | D:9      | Found a broken altar of Ashenzari.
 10849 | D:9      | Found a radiant altar of Vehumet.
 10898 | D:10     | Entered Level 10 of the Dungeon
 10945 | D:10     | Gained mutation: Your touch may inflict minor irresistible
                  | damage on your foes. [demonic ancestry]
 10945 | D:10     | Reached XP level 11. HP: 70/80 MP: 16/21
 11014 | D:10     | Gained mutation: You are robust. (+10% HP) [hidden
                  | potential]
 11014 | D:10     | Lost mutation: You have hidden genetic potential. [hidden
                  | potential expressed]
 11081 | D:10     | Identified the +0 helmet "Ceoptant" {Will- Int+5 Slay+3}
 11099 | D:10     | Learned a level 5 spell: Metabolic Englaciation
 11127 | D:10     | Noticed a soul eater
 12135 | D:11     | Noticed a two-headed ogre
 12143 | D:11     | Reached skill level 9 in Ice Magic
 12144 | D:11     | Killed a two-headed ogre
 12637 | D:11     | Noticed a two-headed ogre
 12654 | D:11     | Killed a two-headed ogre
 12756 | D:11     | Noticed Fannar
 12786 | D:11     | Killed Fannar
 12967 | D:11     | Reached ***** piety under Sif Muna
 13304 | D:11     | Reached skill level 10 in Ice Magic
 13378 | D:12     | Noticed a sun demon
 13453 | D:12     | Noticed a centaur warrior
 13459 | D:12     | Killed a centaur warrior
 13661 | D:12     | Received a gift from Sif Muna
 13666 | D:12     | Gained mutation: Spells you cast may paralyse nearby
                  | enemies. [demonic ancestry]
 13666 | D:12     | Reached XP level 12. HP: 84/96 MP: 10/24
 13684 | D:12     | Found a staircase to the Orcish Mines.
 13951 | D:12     | Noticed an entropy weaver
 14113 | D:11     | Killed an entropy weaver
 14215 | D:12     | Identified the +2 demon blade of True Grit {freeze, Fly
                  | rElec Int-3}
 14413 | D:12     | Acquired the +1 pair of gloves of Devotion {rC+ Will+
                  | Dex+3}
 14718 | D:13     | Found a portal to a secret trove of treasure.
 14784 | D:13     | You fall into a shaft and drop 1 floor!
 14809 | D:13     | Noticed Kirke
 14812 | D:13     | Noticed an eight-headed hydra
 14818 | D:13     | Noticed a four-headed hydra
 14820 | D:13     | Killed Kirke
 14821 | D:13     | Reached skill level 11 in Ice Magic
 14824 | D:13     | Killed an eight-headed hydra
 14825 | D:13     | Killed a four-headed hydra
 14863 | D:13     | Noticed a vault guard
 14872 | D:13     | Killed a vault guard
 14883 | D:13     | Noticed a vault guard
 14899 | D:13     | Killed a vault guard
 14913 | D:13     | Noticed a centaur warrior
 14929 | D:13     | Killed a centaur warrior
 15418 | D:13     | Noticed an eight-headed hydra
 15425 | D:13     | Killed an eight-headed hydra
 15628 | D:13     | Noticed a vault guard
 15649 | D:13     | Killed a vault guard
 15842 | Orc:1    | Entered Level 1 of the Orcish Mines
 15995 | Orc:1    | Reached skill level 12 in Ice Magic
 15995 | Orc:1    | Noticed an orc warlord
 16164 | Orc:1    | Killed an orc warlord
 16165 | Orc:1    | Reached XP level 13. HP: 53/107 MP: 5/26
 16445 | Orc:1    | Received a gift from Sif Muna
 16451 | Orc:1    | Got Sif Muna's Catalogue of the Barrage {god gift}
 16763 | Orc:1    | Found a shimmering blue altar of Sif Muna.
 16928 | Orc:2    | Entered Level 2 of the Orcish Mines
 17018 | Orc:2    | Found a staircase to the Elven Halls.
 17278 | Orc:2    | Noticed Blork the orc
 17285 | Orc:2    | Killed Blork the orc
 17329 | Orc:2    | Noticed Urug
 17334 | Orc:2    | Killed Urug
 17517 | Orc:2    | Noticed an ettin
 17524 | Orc:2    | Killed an ettin
 17611 | Orc:2    | Found Ohesek's General Store.
 17624 | Orc:2    | Found Raaxkerph's Jewellery Shop.
 17788 | Orc:2    | Found Fotiacw's Antique Armour Shop.
 17819 | Orc:2    | Bought an embroidered cloak for 202 gold pieces
 17859 | Orc:2    | Found Widim's Antique Weapon Shop.
 17867 | Orc:2    | Bought a steaming rapier for 198 gold pieces
 17867 | Orc:2    | Identified the +1 rapier of Mutilation {freeze, Stlth+}
                  | (You bought it in a shop on level 2 of the Orcish Mines)
 17882 | Orc:2    | Noticed an orc warlord
 17901 | Orc:2    | Killed an orc warlord
 18256 | Orc:2    | Reached skill level 10 in Spellcasting
 18264 | Orc:2    | Received a gift from Sif Muna
 18270 | Orc:2    | Got Sif Muna's Secrets of Transposed Beckoning {god gift}
 18278 | Orc:2    | Learned a level 5 spell: Fireball
 18886 | Lair:1   | Entered Level 1 of the Lair of Beasts
 19017 | Lair:1   | Reached skill level 13 in Ice Magic
 19586 | Lair:1   | Found a transporter.
 19586 | Lair:1   | Found a one-way gate to the infinite horrors of the Abyss.
 19586 | Lair:1   | Noticed Onniptox's ghost (novice DrCj)
 19587 | Lair:1   | Found a transporter.
 19652 | Lair:1   | Reached skill level 10 in Conjurations
 20350 | Lair:2   | Found a staircase to the Shoals.
 20971 | Lair:2   | You fall into a shaft and drop 1 floor!
 21309 | Lair:2   | Found a staircase to the Snake Pit.
 21707 | Lair:3   | Gained mutation: When seriously injured, your blood forms
                  | very thick armour. (AC +12) [demonic ancestry]
 21707 | Lair:3   | Reached XP level 14. HP: 90/118 MP: 20/28
 22766 | Lair:4   | Found a gate leading to a gauntlet.
 22771 | Gauntlet | Entered a Gauntlet
 22771 | Gauntlet | Found a transporter.
 22771 | Gauntlet | Found a runed translucent door.
 22773 | Gauntlet | Found a runed translucent door.
 22779 | Gauntlet | Found a transporter.
 22781 | Gauntlet | Found a transporter.
 22797 | Gauntlet | Found a transporter.
 22798 | Gauntlet | Found a transporter.
 22808 | Gauntlet | Found a transporter.
 22821 | Gauntlet | Found a runed translucent door.
 22825 | Gauntlet | Found a transporter.
 22834 | Gauntlet | Found a transporter.
 22841 | Gauntlet | Found a transporter.
 22858 | Gauntlet | Found a transporter.
 22867 | Gauntlet | Found a transporter.
 22870 | Gauntlet | Found a transporter.
 22950 | Gauntlet | Found a transporter.
 23145 | Gauntlet | Identified the ring "Gipiten" {rF++ Int+6 Dex+3}
 23218 | Gauntlet | Identified the +0 robe "Dukuec" {Str+2}
 23902 | Lair:4   | Received a gift from Sif Muna
 23905 | Lair:4   | Got Sif Muna's Octavo of the Stinger and the Valley {god
                  | gift}
 24556 | Lair:5   | Entered Level 5 of the Lair of Beasts
 24690 | Lair:5   | Noticed Josephine
 24709 | Lair:5   | Killed Josephine
 25053 | Lair:5   | Found a viscous altar of Jiyva.
 25066 | Lair:5   | Found a staircase to the Slime Pits.
 25112 | Lair:5   | Reached skill level 10 in Fighting
 25982 | Lair:5   | Received a gift from Sif Muna
 25984 | Lair:5   | Gained mutation: When low on magic, you restore magic in
                  | place of health. [demonic ancestry]
 25984 | Lair:5   | Reached XP level 15. HP: 121/126 MP: 27/30
 26144 | Lair:5   | Found a large runed translucent door.
 26145 | Lair:5   | Found a large runed translucent door.
 26146 | Lair:5   | Noticed jejorda2's ghost (journeyman MfBe)
 26746 | Snake:1  | Entered Level 1 of the Snake Pit
 26759 | Snake:1  | Learned a level 3 spell: Tukima's Dance
 27298 | Snake:1  | Noticed Frances
 27310 | Snake:1  | Killed Frances
 28045 | Snake:1  | Identified the +6 mace of Qazlal's Grace {heavy, Int+2}
 28311 | Snake:2  | Reached skill level 5 in Armour
 28313 | Snake:2  | Reached skill level 14 in Ice Magic
 29352 | Snake:3  | Received a gift from Sif Muna
 29354 | Snake:3  | Got Sif Muna's Verses on Enthralling Metamorphosis {god
                  | gift}
 30118 | Snake:3  | Identified the +0 robe of the Clam {rCorr Slay+2}
 31559 | Snake:4  | Entered Level 4 of the Snake Pit
 31640 | Snake:4  | Reached XP level 16. HP: 75/137 MP: 12/31
 33055 | Snake:4  | Received a gift from Sif Muna
 33066 | Snake:4  | Got Sif Muna's Guide on the Heated Icicle {god gift}
 33075 | Snake:4  | Learned a level 7 spell: Ozocubu's Refrigeration
 34587 | Snake:4  | Got a serpentine rune of Zot
 35173 | Elf:1    | Entered Level 1 of the Elven Halls
 35996 | D:13     | You paid a toll of 4 scrolls of fear to enter a treasure
                  | trove
 35997 | Trove    | Entered a treasure trove
 35999 | Trove    | Found the +3 Mad Mage's Maulers {Infuse+∞ VampMP -Cast}
 35999 | Trove    | Found the +2 hat of the Bear Spirit {Spirit, Bear, *Rage
                  | Will++}
 36002 | Trove    | Identified the +15 plate armour of Ateigan {Str+4}
 36035 | Trove    | Identified the +0 pair of boots of Chill Winds {rElec rN+}
 36046 | Trove    | Identified the +10 plate armour of the Insatiable Spines
                  | {rF+}
 36047 | Trove    | Identified the +3 hat of the Bruised Portals {Str+2}
 36049 | Trove    | Identified the scarf of Izuutooc {rC+ rF+, rN+ Slay-5
                  | Stlth+}
 36050 | Trove    | Identified the +0 hat of Sin {rElec rF+ Str+5 Dex+3}
 36212 | D:13     | Found a gate to the Vaults.
 36217 | D:13     | Reached skill level 5 in Shields
 36219 | D:13     | Reached XP level 17. HP: 146/146 MP: 14/33
 36847 | D:14     | Received a gift from Sif Muna
 37866 | Elf:1    | Found a radiant altar of Vehumet.
 39117 | Elf:1    | Reached skill level 10 in Shields
 39174 | Elf:1    | Noticed Donald
 39179 | Elf:1    | Killed Donald
 40677 | Elf:2    | Received a gift from Sif Muna
 40943 | Elf:3    | Entered Level 3 of the Elven Halls
 42369 | Elf:3    | Gained mutation: Your touch may inflict irresistible damage
                  | on your foes. [demonic ancestry]
 42369 | Elf:3    | Reached XP level 18. HP: 144/152 MP: 32/34
 42755 | Elf:3    | Paralysed by an air elemental for 1 turns
 42927 | Elf:3    | Identified the +7 chain mail "Pexyigh" {rF+ Int+7}
 43477 | Elf:3    | Noticed an Ice Fiend
 43653 | Elf:3    | Identified the staff of poison "Zeur" {rPois rF+}
 43664 | Elf:3    | Got Wourank's Lessons on Attendants and Bewitchment
 44167 | Elf:3    | Identified the +11 mace of the Foremost Curses {flame,
                  | rN++}
 44748 | Lair:5   | Found a runed translucent door.
 44952 | Lair:5   | Reached skill level 15 in Ice Magic
 44952 | Lair:5   | Received a gift from Sif Muna
 44974 | Lair:5   | Got Sif Muna's Tome of Incandescence {god gift}
 45303 | Lair:5   | Killed jejorda2's ghost
 45707 | Slime:1  | Entered Level 1 of the Pits of Slime
 46438 | Shoals:1 | Entered Level 1 of the Shoals
 46706 | Shoals:1 | Identified the +2 pair of gloves of the Apprentice {*Slow
                  | rPois rC+}
 46728 | Shoals:1 | Found a runed translucent door.
 46732 | Shoals:1 | Noticed Coelen's ghost (journeyman MeWn)
 46756 | Shoals:1 | Killed Coelen's ghost
 47490 | Shoals:2 | Identified Roxanne's Treatise on the Quarry
 47490 | Shoals:2 | Noticed Roxanne
 47652 | Shoals:2 | Noticed Ilsuiw
 47969 | Shoals:2 | Killed Ilsuiw
 48205 | Shoals:2 | Identified the +1 robe "Ginuh" {Rampage Dex+4}
 48224 | Shoals:2 | Received a gift from Sif Muna
 48235 | Shoals:2 | Got Sif Muna's Tome of the Volley {god gift}
 48292 | Shoals:2 | Reached skill level 10 in Dodging
 48605 | Shoals:2 | Reached skill level 15 in Conjurations
 48658 | Shoals:2 | Noticed Polyphemus
 48660 | Shoals:2 | Found a runed translucent gate.
 48661 | Shoals:2 | Found a runed translucent gate.
 48662 | Shoals:2 | Found a runed translucent gate.
 48663 | Shoals:2 | Noticed Ceuduph's ghost (adept AtWn)
 48664 | Shoals:2 | Noticed themarg's ghost (adept MfSu)
 48913 | Shoals:2 | Killed themarg's ghost
 49076 | Shoals:2 | Identified the ring "Qeacsileo" {rElec rF+}
 49080 | Shoals:2 | Identified the ring "Xaom" {Will+ Int+3}
 49362 | Shoals:2 | Killed Ceuduph's ghost
 49701 | Shoals:3 | Reached XP level 19. HP: 134/161 MP: 20/35
 49782 | Shoals:2 | Killed Polyphemus
 50774 | Shoals:4 | Entered Level 4 of the Shoals
 50774 | Shoals:4 | Noticed Louise
 50779 | Shoals:4 | Killed Louise
 51128 | Shoals:4 | Noticed Mara
 51133 | Shoals:4 | Identified the +8 morningstar of Wisdom {drain, Str+2}
 51136 | Shoals:4 | Noticed Pimp's illusion
 51195 | Shoals:4 | Killed Mara
 51507 | Shoals:4 | Got a barnacled rune of Zot
 51508 | Shoals:4 | Identified the +4 whip "Xixzis" {freeze, rPois rN+ Int+3}
 51614 | Shoals:4 | Received a gift from Sif Muna
 52672 | Shoals:4 | Got Fyigeinn's Monograph on Different Kinetic Energy {god
                  | gift}
 52932 | Shoals:4 | Paralysed by an air elemental for 1 turns
 53403 | Vaults:1 | Entered Level 1 of the Vaults
 53473 | Vaults:1 | Found the +5 glaive of the Guard {elec, spectral, AC+5}
 54454 | Vaults:1 | Found Zexismuna's Assorted Antiques.
 54462 | Vaults:1 | Bought a polished ring mail for 396 gold pieces
 54462 | Vaults:1 | Identified the +4 ring mail of Lires {Int+3} (You bought it
                  | in a shop on level 1 of the Vaults)
 54954 | Vaults:1 | Received a gift from Sif Muna
 54957 | Vaults:1 | Got Sif Muna's Discourse on Frostbite {god gift}
 54968 | Vaults:1 | Learned a level 9 spell: Polar Vortex
 55345 | Vaults:2 | Gained mutation: Your touch may irresistibly damage your
                  | foes and sap their willpower. [demonic ancestry]
 55345 | Vaults:2 | Reached XP level 20. HP: 149/171 MP: 25/37
 55438 | Vaults:2 | Reached skill level 16 in Ice Magic
 55910 | Vaults:2 | Found a staircase to the Crypt.
 55910 | Vaults:2 | Found an ancient bone altar of Kikubaaqudgha.
 55911 | Vaults:2 | Found a basalt altar of Yredelemnul.
 56198 | Vaults:2 | Noticed Jory
 56230 | Vaults:2 | Killed Jory
 56565 | Vaults:2 | Identified the +4 scale mail "Jefugice" {Int+2 Dex+4}
 57247 | Vaults:3 | Found a flickering gateway to a bazaar.
 57253 | Vaults:3 | Received a gift from Sif Muna
 57259 | Vaults:3 | Reached skill level 17 in Ice Magic
 57458 | Vaults:3 | Got Sif Muna's Lessons on Cinders and Transformation {god
                  | gift}
 57464 | Bazaar   | Entered a bazaar
 57575 | Bazaar   | Found Duruf's Assorted Antiques.
 57575 | Bazaar   | Found Uddumear's Jewellery Emporium.
 57576 | Bazaar   | Found Faqinkem's Assorted Antiques.
 57582 | Bazaar   | Bought translucent acid dragon scales for 900 gold pieces
 57582 | Bazaar   | Identified the +6 acid dragon scales "Agan" {Harm rElec
                  | rCorr Str+4} (You bought it in a shop in a bazaar)
 57594 | Bazaar   | Bought 2 potions of curing for 114 gold pieces
 57594 | Bazaar   | Bought a potion of heal wounds for 95 gold pieces
 57618 | Bazaar   | Found Vafafuoc's Magic Scroll Shop.
 57637 | Bazaar   | Bought a scroll of acquirement for 1040 gold pieces
 57637 | Bazaar   | Bought a potion of heal wounds for 100 gold pieces
 57676 | Bazaar   | Bought a scroll of teleportation for 27 gold pieces
 57676 | Bazaar   | Bought a scroll of fear for 36 gold pieces
 57676 | Bazaar   | Bought a scroll of teleportation for 27 gold pieces
 57676 | Bazaar   | Bought a scroll of fog for 36 gold pieces
 57676 | Bazaar   | Bought a scroll of silence for 85 gold pieces
 58889 | Vaults:3 | Received a gift from Sif Muna
 58928 | Vaults:3 | Reached skill level 18 in Ice Magic
 59505 | Vaults:3 | Reached ****** piety under Sif Muna
 59717 | Vaults:3 | Reached skill level 15 in Spellcasting
 60603 | Vaults:4 | Reached XP level 21. HP: 178/178 MP: 36/40
 60655 | Vaults:4 | Learned a level 7 spell: Orb of Destruction
 61389 | Vaults:4 | Received a gift from Sif Muna
 61394 | Vaults:4 | Noticed a dread lich
 62153 | Vaults:4 | Reached skill level 19 in Ice Magic
 62481 | Vaults:4 | Killed a dread lich
 63913 | Vaults:4 | Got Ymuopsi's Almanac of the Beguiling Snake {god gift}
 65571 | Lair:5   | Lost mutation: You possess an exceptional clarity of mind.
                  | [mutagenic glow]
 65850 | Slime:1  | You fall into a shaft and drop 1 floor!
 65864 | Slime:1  | Received a gift from Sif Muna
 65872 | Slime:1  | Gained mutation: You sometimes lose your temper in combat.
                  | [a shining eye]
 65874 | Slime:1  | Gained mutation: You are dopey. (Int -2) [a shining eye]
 65880 | Slime:1  | Gained mutation: You occasionally lose the ability to drink
                  | potions when taking damage. [a shining eye]
 65881 | Slime:1  | Gained mutation: You occasionally shout uncontrollably at
                  | your foes. [a shining eye]
 65885 | Slime:1  | Gained mutation: Your spells are a little easier to cast,
                  | but a little less powerful. [a shining eye]
 65887 | Slime:1  | Gained mutation: You are occasionally teleported next to
                  | monsters. [a shining eye]
 65891 | Slime:1  | Gained mutation: Armour fits poorly on your strangely
                  | shaped body. [a shining eye]
 65891 | Slime:1  | Gained mutation: You sometimes lose the ability to drink
                  | potions when taking damage. [a shining eye]
 65893 | Slime:1  | Gained mutation: Your magical capacity is low. (-10% MP) [a
                  | shining eye]
 65897 | Slime:1  | Gained mutation: Your body sometimes deteriorates upon
                  | taking damage. [a shining eye]
 66330 | Slime:1  | Lost mutation: You are occasionally teleported next to
                  | monsters. [potion of mutation]
 66330 | Slime:1  | Lost mutation: You are robust. (+10% HP) [potion of
                  | mutation]
 66330 | Slime:1  | Lost mutation: Your spells are a little easier to cast, but
                  | a little less powerful. [potion of mutation]
 66330 | Slime:1  | Gained mutation: You have a pair of small horns on your
                  | head. [potion of mutation]
 66330 | Slime:1  | Gained mutation: You have very sharp teeth. [potion of
                  | mutation]
 66331 | Slime:1  | Lost mutation: Your magical capacity is low. (-10% MP)
                  | [potion of mutation]
 66331 | Slime:1  | Lost mutation: Your flesh is heat resistant. (rF+) [potion
                  | of mutation]
 66331 | Slime:1  | Lost mutation: You are dopey. (Int -2) [potion of mutation]
 66331 | Slime:1  | Gained mutation: Your system is resistant to poisons.
                  | (rPois) [potion of mutation]
 66331 | Slime:1  | Gained mutation: Your mind is acute. (Int +4, Str/Dex -1)
                  | [potion of mutation]
 66335 | Slime:1  | Lost mutation: You sometimes lose the ability to drink
                  | potions when taking damage. [potion of mutation]
 66335 | Slime:1  | Lost mutation: Armour fits poorly on your strangely shaped
                  | body. [potion of mutation]
 66335 | Slime:1  | Gained mutation: You frequently scream uncontrollably at
                  | your foes. [potion of mutation]
 66335 | Slime:1  | Lost mutation: You sometimes lose your temper in combat.
                  | [potion of mutation]
 66335 | Slime:1  | Gained mutation: Potions are less effective at restoring
                  | your health. [potion of mutation]
 66336 | Slime:1  | Lost mutation: Your mind is acute. (Int +4, Str/Dex -1)
                  | [potion of mutation]
 66336 | Slime:1  | Lost mutation: Your system is resistant to poisons. (rPois)
                  | [potion of mutation]
 66336 | Slime:1  | Lost mutation: You frequently scream uncontrollably at your
                  | foes. [potion of mutation]
 66336 | Slime:1  | Gained mutation: You have hidden genetic defects. [potion
                  | of mutation]
 66336 | Slime:1  | Gained mutation: You have large cloven feet. [potion of
                  | mutation]
 66337 | Slime:1  | Lost mutation: Your body sometimes deteriorates upon taking
                  | damage. [potion of mutation]
 66337 | Slime:1  | Lost mutation: Potions are less effective at restoring your
                  | health. [potion of mutation]
 66337 | Slime:1  | Lost mutation: You have large cloven feet. [potion of
                  | mutation]
 66337 | Slime:1  | Gained mutation: You sometimes lose the ability to drink
                  | potions when taking damage. [potion of mutation]
 66337 | Slime:1  | Gained mutation: You have sharp toenails. [potion of
                  | mutation]
 66338 | Slime:1  | Lost mutation: You have hidden genetic defects. [potion of
                  | mutation]
 66338 | Slime:1  | Lost mutation: You are strong-willed. (Will+) [potion of
                  | mutation]
 66338 | Slime:1  | Gained mutation: You are agile. (Dex +4, Str/Int -1)
                  | [potion of mutation]
 66338 | Slime:1  | Gained mutation: You occasionally lose the ability to read
                  | scrolls when taking damage. [potion of mutation]
 66338 | Slime:1  | Gained mutation: You are very agile. (Dex +8, Str/Int -2)
                  | [potion of mutation]
 66421 | Slime:1  | Gained mutation: You are frail. (-10% HP) [a shining eye]
 66422 | Slime:1  | Gained mutation: You are very frail. (-20% HP) [a shining
                  | eye]
 66822 | Slime:2  | Reached skill level 20 in Ice Magic
 66980 | Slime:2  | Paralysed by a great orb of eyes for 5 turns
 66993 | Slime:2  | Paralysed by a great orb of eyes for 3 turns
 66999 | Slime:2  | Paralysed by a great orb of eyes for 3 turns
 67627 | Slime:3  | Received a gift from Sif Muna
 67627 | Slime:3  | Gained mutation: You do not regenerate when monsters are
                  | visible. [a shining eye]
 68552 | Slime:4  | Gained mutation: Spells you cast and wands you use may
                  | paralyse nearby enemies. [demonic ancestry]
 68552 | Slime:4  | Reached XP level 22. HP: 135/135 MP: 22/42
 69514 | Slime:5  | Entered Level 5 of the Pits of Slime
 70128 | Slime:4  | Received a gift from Sif Muna
 70233 | Slime:5  | Gained mutation: Your body sometimes deteriorates upon
                  | taking damage. [a shining eye]
 70631 | Slime:4  | Got Sif Muna's Almanac of the Fairies and Algor {god gift}
 70709 | Slime:5  | Found a viscous altar of Jiyva.
 70753 | Slime:5  | Reached skill level 21 in Ice Magic
 71070 | Slime:5  | Noticed the Royal Jelly
 71157 | Slime:5  | Acquired a manual of Shields
 71838 | Slime:4  | HP: 5/135 [azure jelly[the Royal Jelly] (17)]
 71840 | Slime:4  | Slain by an azure jelly

Illustrated notes

Levels and vault maps discovered:
D:1:      minmay_arrival_five_plusses, layout_basic
D:2:      minmay_wonky_spiral, layout_loops_ring, shapermc_ecumenical_altar_venn
D:3:      layout_basic, hangedman_decor_riveting
D:4:      layout_cave_pools, temple_doors_cd, uniq_robin, uniq_sigmund
D:5:      nicolae_BIG_FREAKIN_CUBE, layout_basic, uniq_edmund
D:6:      kennysheep_kobold_camp, layout_cave_pools, dk_vineyard_1,
          kennysheep_small_square
D:7:      layout_loops_ring, enter_bailey_7, kennysheep_generic_room_6,
          uniq_joseph
D:8:      layout_cave_pools, erik_lair_island
D:9:      layout_long_grid, gammafunk_temple_overflow_wave,
          david_defended_altar_orc
D:10:     layout_roguey, the_hattery
D:11:     layout_irregular_city, uniq_fannar
D:12:     layout_cave_pools, erik_orc_4, minmay_radiant
D:13:     layout_loops_cross, grunt_vaults_entry_fortified,
          nicolae_trove_entry_columns, uniq_kirke
D:14:     minmay_elf_outpost, layout_gridville, corner_web_ring
Temple:   mainiacjoe_temple_big_plus
Lair:1:   layout_gridlike, gammafunk_ghost_abyssal_escape
Lair:2:   layout_regular_city, minmay_shoals_entry_hut,
          nicolae_snake_entry_squirm, beast_lair_carwin_7, serial_bayou_shore_b
Lair:3:   layout_gridlike, lemuel_fruit_fields, serial_bayou_shore_b,
          serial_bayou_shore_a, grunt_megastairs_5
Lair:4:   layout_concentric_octagons, gauntlet_entry_generic, minivault_23,
          st_stairs_11, chequers_serial_rivers_micro_d
Lair:5:   wormcave, layout_layer_cave, hangedman_lair_tendril_chambers,
          nicolae_slime_entry_field_trip, ebering_ghost_disaster_area,
          chequers_serial_rivers_room_a, chequers_serial_rivers_micro_b,
          pdpol_lair_neglected_garden, uniq_josephine
Shoals:1: layout_shoals, gammafunk_ghost_grave,
          nicolae_shoals_lost_giant_amphitheater
Shoals:2: layout_shoals, gammafunk_ghost_cemetery, serial_shops,
          nicolae_shop_bloodbath_and_beyond, abandoned_shop, uniq_polyphemus,
          uniq_roxanne, uniq_ilsuiw
Shoals:3: layout_shoals
Shoals:4: shoals_end_hellmonk_storm_palace [storm_palace_center_square,
          storm_palace_corner_grid, storm_palace_corner_reverse_hut,
          storm_palace_corner_reverse_hut, storm_palace_corner_grid],
          serial_shops, uniq_louise, uniq_mara
Snake:1:  layout_basic, drop_trap, uniq_frances
Snake:2:  layout_rooms, serial_bayou_pond_e, lemuel_fruit_tree
Snake:3:  layout_onion, nicolae_integral_box
Snake:4:  snake_pit, layout_misc_corridors, drop_trap,
          nicolae_snake_the_dead_are_slithering
Slime:1:  layout_caves
Slime:2:  layout_caves, special_room [special_room_jelly]
Slime:3:  cheibrodos_slime_lost_civilization_3, layout_caves
Slime:4:  layout_caves
Slime:5
Orc:1:    layout_diamond_mine, kennysheep_orc_sif_temple
Orc:2:    grunt_orc_cross, layout_caves, portal_ice_cave_entry_pillars_2,
          lemuel_statue_altar
Elf:1:    minmay_elf_arrival_circle, layout_loops_corners, serial_sigils,
          serial_sigils_hangedman_scar, serial_sigils_hangedman_writhe,
          serial_sigils_hangedman_quiver, serial_sigils_hangedman_shear,
          basic_altar, minivault_28, uniq_donald
Elf:2:    nicolae_elf_blades_crystal_corner, layout_gridlike
Elf:3:    grunt_elf_hall_spiral, layout_onion_city
Vaults:1: nicolae_vaults_little_squares_6, vaults_room_fours,
          ontoclasm_vaults_echo, v_misc_3, nicolae_vaults_network_quinsquares
          [nicolae_vaults_network_quincunx_subvault,
          nicolae_vaults_network_quincunx_subvault,
          nicolae_vaults_network_quincunx_subvault,
          nicolae_vaults_network_quincunx_subvault], v_pattern_3,
          hangedman_vaults_maws, layout_vaults_quadrants, serial_shops, shop
Vaults:2: nicolae_vaults_twisting_passages, minmay_crypt_entry_necro_gods,
          ontoclasm_vaults_hangar, v_alt_pattern_5, v_misc_4,
          vaults_standard_mumra_x, v_misc_1, nicolae_vaults_oval_intersection,
          nicolae_vaults_security_offices_6, v_rooms_2,
          nicolae_vaults_trapezoid_3, nicolae_vaults_offset_grid_hallway_3,
          hangedman_vaults_impose, nicolae_vaults_little_squares_3,
          ontoclasm_vaults_decontamination, layout_vaults_maze, uniq_jory
Vaults:3: nicolae_vaults_storage_room_water, vaults_room_stairs_pillars,
          grunt_vaults_bifocal, ontoclasm_vaults_gateway, v_misc_25,
          nicolae_vaults_lightning_bolt, ontoclasm_vaults_pinch,
          ontoclasm_vaults_chip, vaults_mumra_hex, nicolae_vaults_diamond_1,
          v_misc_8, dpeg_vaults_pockets_of_resistance, vaults_room_door_hall,
          v_misc_28, grunt_vaults_funnel, nicolae_vaults_variable_pillar_hall,
          layout_vaults_ring, serial_shops, bzr_in_the_mist
Vaults:4: v_pattern_5, dpeg_vaults_monster_row, nicolae_vaults_whirlpool_walls,
          nicolae_vaults_closet_pinwheel_1, vaults_room_boxed, v_misc_5,
          nicolae_vaults_little_squares_1, nicolae_vaults_house_1,
          layout_vaults_chaotic_city

Skill      XL: |  1  2  3  4  5  6  7  8  9 10 11 12 13 14 15 16 17 18 19 20 21 22 |
---------------+-------------------------------------------------------------------+-----
Stealth        | 2 |  2.6
Dodging        | 2 3 4 5 6 7 8 9 10 | 10.8
Ice Magic      | 4 5 6 8 10 12 13 14 15 18 20 21 | 21.1
Fighting       | 1 2 3 4 5 6 7 9 10 11 12 13 | 13.2
Spellcasting   | 3 4 5 6 8 9 10 11 12 13 15 16 | 16.9
Maces & Flails | 1 2 3 4 5 6 7 |  7.7
Evocations     | 1 2 3 4 5 6 7 9 |  9.1
Conjurations   | 1 3 5 7 8 10 12 13 14 15 | 15.6
Invocations    | 2 |  2.3
Armour         | 1 2 4 6 7 8 9 |  9.1
Shields        | 5 11 12 | 12.0

Action                     |  1- 3 |  4- 6 |  7- 9 | 10-12 | 13-15 | 16-18 | 19-21 | 22-24 || total
---------------------------+-------+-------+-------+-------+-------+-------+-------+-------++-------
  Melee: Whip              |    62 |    86 |   248 |   270 |   480 |   650 |   887 |    84 ||  2767
         Punch             |     2 |       |     4 |    10 |     5 |     1 |       |       ||    22
         Rapier            |       |     9 |       |       |       |       |       |       ||     9
         Touch             |       |       |       |    35 |   125 |    21 |       |       ||   181
         Headbutt          |       |       |       |       |       |       |    20 |    44 ||    64
         Bite              |       |       |       |       |       |       |    15 |    23 ||    38
         Mace              |       |       |       |       |       |       |       |     1 ||     1
   Cast: Freeze            |    52 |    26 |     3 |     5 |       |     2 |       |       ||    88
         Ozocubu's Armour  |       |     5 |    16 |    18 |     9 |    33 |    41 |     3 ||   125
         Frozen Ramparts   |       |     4 |    27 |    56 |   151 |   145 |   121 |       ||   504
         Freezing Cloud    |       |       |       |    50 |   137 |    67 |    52 |     3 ||   309
         Searing Ray       |       |       |       |     7 |    25 |    27 |     8 |       ||    67
         Metabolic Englaci |       |       |       |     6 |    10 |     6 |    10 |     2 ||    34
         Fireball          |       |       |       |       |     2 |    45 |    64 |       ||   111
         Tukima's Dance    |       |       |       |       |     2 |       |     5 |       ||     7
         Ozocubu's Refrige |       |       |       |       |       |   172 |   231 |    75 ||   478
         Orb of Destructio |       |       |       |       |       |       |    17 |    45 ||    62
         Polar Vortex      |       |       |       |       |       |       |     1 |       ||     1
Ability: Evoke Blink       |       |       |       |       |       |     1 |     3 |     1 ||     5
  Evoke: Wand              |       |       |       |     1 |     1 |       |       |       ||     2
    Use: Potion            |     1 |     8 |     4 |     7 |     8 |    10 |    31 |       ||    69
         Scroll            |     3 |     6 |     6 |     6 |     8 |    11 |    33 |     4 ||    77
   Stab: Sleeping          |     3 |     7 |    14 |     2 |     7 |     4 |     1 |       ||    38
         Paralysed         |       |       |     6 |    33 |    69 |    45 |    88 |    10 ||   251
         Invisible         |       |       |       |       |     1 |       |     5 |       ||     6
         Distracted        |       |       |       |       |       |       |     1 |       ||     1
 Armour: Robe              |    18 |       |       |       |       |       |       |       ||    18
         Leather armour    |     7 |   111 |   120 |   162 |   243 |   185 |   288 |    16 ||  1132
  Dodge: Dodged            |    48 |   175 |   254 |   314 |   490 |   353 |   517 |    61 ||  2212
  Block: Kite shield       |       |       |       |       |       |   690 |  1361 |   137 ||  2188
         Reflection        |       |       |       |       |       |    58 |    83 |     6 ||   147

Table legend: (Time is in decaauts)
 A = Elapsed time spent in this place.
 B = Non-inter-level travel time spent in this place.
 C = Inter-level travel time spent in this place.
 D = Time resting spent in this place.
 E = Time spent auto-exploring this place.
 F = Levels seen in this place.
 G = Mean time per level.
                   A        B        C        D        E       F      G
               +--------+--------+--------+--------+--------+-----+--------+
         Total |  73087 |  67493 |   5594 |  24810 |  25438 |  46 | 1588.8 |
       Dungeon |  17954 |  16188 |   1766 |   3752 |   8691 |  14 | 1282.4 |
        Temple |    352 |    312 |     40 |      0 |    304 |   1 |  352.0 |
          Lair |   9577 |   8847 |    730 |   2448 |   4441 |   5 | 1915.4 |
        Shoals |   7207 |   6613 |    594 |   2790 |   1452 |   4 | 1801.8 |
     Snake Pit |   8286 |   7895 |    391 |   2962 |   3369 |   4 | 2071.5 |
    Slime Pits |   5805 |   5631 |    174 |   2985 |   1296 |   5 | 1161.0 |
  Orcish Mines |   3178 |   2862 |    316 |   1162 |    804 |   2 | 1589.0 |
   Elven Halls |   7597 |   6858 |    739 |   3616 |   1568 |   3 | 2532.3 |
        Vaults |  11796 |  10955 |    841 |   4675 |   3404 |   4 | 2949.0 |
        Bazaar |    229 |    229 |      0 |    110 |      0 |   1 |  229.0 |
         Trove |    124 |    124 |      0 |      0 |      0 |   1 |  124.0 |
        Bailey |    371 |    371 |      0 |     43 |     69 |   1 |  371.0 |
      Gauntlet |    605 |    605 |      0 |    265 |     38 |   1 |  605.0 |
               +--------+--------+--------+--------+--------+-----+--------+

Top non-repeatable levels by time:
Vaults:3: 3985 daAuts
  Lair:5: 3921 daAuts
Vaults:4: 3458 daAuts
   Elf:3: 3428 daAuts
   Elf:1: 3208 daAuts
 Snake:4: 2914 daAuts
 Snake:3: 2482 daAuts
Vaults:2: 2379 daAuts
Shoals:2: 2300 daAuts
Vaults:1: 1974 daAuts
 Slime:4: 1907 daAuts
   Orc:2: 1867 daAuts
Shoals:4: 1746 daAuts
  Lair:2: 1735 daAuts
    D:11: 1714 daAuts
